Unix NetHack Version 5.0.0-0 post-release - last build May 10 2026 23:12:36 (d1fa5d53e341ca933230fdaa984d921c805b60aa,branch:main).

Game began 2026-05-13 20:45:12, ended 2026-05-13 22:48:24.

Gary, lawful male human Samurai

                             --------
     -------                 .......|
     |.....|     -------     |......|             h
     |.....|     |.....|     |...>..|
     |.....-#####......|  ## |......|           :
     |.....|     |....n-###  |......|           o o
     |.`...-##   |<....| ####.......|            oo
     --|----     ----|--  #  ----|---
       ^            ##           #
                   ##            #
                   #             ##
                   #              #
                   # ^            #                            i
                  -*-|--          ##                   -------- ------
                  |..`.|     ------|-r-- #             ..$$.$$.$$$.Ye|
                  |....|     |l........-#T######       |.....$..$..rr|
                  |.....#    |od.*.....| #     *#####(![..%......$$$S|
                  |....|     |.@!C.....+O              ---------------
                  ------     -----------

Gary the Ninja         St:15 Dx:18 Co:18 In:10 Wi:8 Ch:8  Lawful S:11713
Dlvl:10 $:587 HP:0(91) Pw:36(36) AC:-3 Xp:9/2664 T:6424  Satiated Blind

Latest messages:
 It is missed.
 It misses.
 It is missed.
 It misses.
 It misses.
 The leprechaun vanishes and reappears closer to you.
 It is missed.
 It misses.
 It misses.
 It misses.
 You hear the footsteps of a guard on patrol.
 The leprechaun vanishes and reappears close by.
 You feel an unseen monster!
 It hits!
 It hits again!
 It hits!
 It misses!
 It misses!
 It hits!
 It hits!
 It hits again!
 What do you want to use or apply? [fkuwyA or ?*] u
 You feel a bit steadier now.
 The ogre is hit.
 You hit it.
 Hachi is hit.
 It misses!
 It misses!
 You hit it.
 Hachi is hit.
 It hits!
 It misses!
 You hit it.
 It misses.
 You hit it.
 It is missed.
 It misses.
 The tengu vanishes and reappears farther away.
 You hit it.
 It hits!
 It hits again!
 What do you want to read? [bgqrvBK-MPYZ or ?*] ?
 As you pronounce the formula on it, the scroll disappears.
 A goblin suddenly appears next to you!
 You hear some noises.
 You are hit.
 The leprechaun vanishes and reappears close by.
 It just misses!
 It hits!
 You die...

Inventory:
 Coins    ('$')
  $ - 587 gold pieces
 Amulets  ('"')
  R - an uncursed amulet of flying
 Weapons  (')')
  d - 24 +0 ya (in quiver)
  c - a blessed +0 yumi (alternate weapon; not wielded)
  a - the +0 Frost Brand (weapon in right hand)
  I - a +0 katana
 Armor    ('[')
  o - an uncursed +0 orcish helm (being worn)
  e - a blessed +0 pair of yugake (being worn)
  p - a blessed +5 pair of water walking boots (being worn)
  n - an uncursed burnt +0 cloak of invisibility (being worn)
  D - an uncursed +0 elven mithril-coat (being worn)
 Comestibles  ('%')
  Q - 2 uncursed cloves of garlic
  H - 3 uncursed gunyoki
  x - an uncursed lembas wafer
  T - 2 uncursed tripe rations
  t - an uncursed egg
  s - an uncursed lichen corpse
  l - 2 uncursed lizard corpses
 Scrolls  ('?')
  v - 2 uncursed scrolls of amnesia
  r - an uncursed scroll of earth
  g - an uncursed scroll of enchant armor
  M - a blessed scroll of enchant weapon
  q - an uncursed scroll of fire
  Z - 2 blessed scrolls of identify
  Y - a cursed scroll of identify
  P - a cursed scroll of magic mapping
  b - an uncursed scroll of punishment
  K - an uncursed scroll of remove curse
  L - a cursed scroll of teleportation
 Potions  ('!')
  i - an uncursed potion of acid
  F - an uncursed potion of blindness
  N - an uncursed potion of extra healing
  h - an uncursed potion of hallucination
  V - an uncursed potion of object detection
  J - a blessed potion of oil
  U - an uncursed potion of paralysis
  W - a cursed potion of sake
  S - an uncursed potion of speed
 Rings    ('=')
  E - an uncursed ring of fire resistance
 Wands    ('/')
  f - a wand of lightning (0:6)
  A - a wand of sleep (0:2)
 Tools    ('(')
  w - an uncursed magic whistle
  k - an uncursed skeleton key
  y - an uncursed towel (being worn)
  u - a +0 unicorn horn
 Gems/Stones  ('*')
  G - an uncursed chrysoberyl stone
  j - an uncursed fluorite stone
  X - 2 uncursed worthless pieces of black glass
  O - 2 uncursed worthless pieces of orange glass
  z - an uncursed worthless piece of red glass
  m - an uncursed worthless piece of violet glass
  C - 2 uncursed worthless pieces of yellow glass

Gary the Samurai's attributes:

Background:
 You were a Ninja, a level 9 male human Samurai.
 You were lawful, nominally on a mission for Amaterasu Omikami
 who was opposed by Raijin (neutral) and Susanowo (chaotic).
 You were right-handed.
 You were in the Dungeons of Doom, on level 10.
 You entered the dungeon 6424 turns ago.
 It was nighttime.
 You had 2664 experience points, 2456 more were needed to attain level 10.
 Your score was 11713 before end-of-game adjustments.

Basics:
 You had 0 out of 91 hit points.
 You had all 36 energy points (spell power).
 Your armor class was -3.
 Your wallet contained 587 zorkmids.
 Autopickup was on for '$' plus thrown.

Final Characteristics:
 Your strength was 15 (limit:18/100).
 Your dexterity was 18 (limit:18).
 Your constitution was 18 (limit:18).
 Your intelligence was 10 (limit:18).
 Your wisdom was 8 (limit:18).
 Your charisma was 8 (limit:18).

Final Status:
 You were deliberately blind.
 You were satiated.
 You were unencumbered.
 You were wielding a long sword.
 You had basic skill with long sword and could have enhanced that.

Final Attributes:
 You were piously aligned.
 You were cold resistant.
 Your items were protected from cold.
 You would have seen invisible when not blind.
 You were telepathic.
 You were invisible to others.
 You could walk on water.
 You were guarded.
 You were fast.
 You are dead.

Miscellaneous:
 You didn't encounter any bones levels.
 Total elapsed playing time was 2 hours, 3 minutes and 12 seconds.

Major events:
 Turn
    1: Gary the lawful male human Samurai entered the dungeon
  759: attained the rank of Ronin (level 3)
 1818: entered Sokoban
 2519: entered the Gnomish Mines
 2716: attained the rank of Ninja (level 6)
 2870: reached Mine Town
 5399: found Frost Brand on the floor
 6424: killed by a giant zombie

You didn't know any spells.

Skills:
 Fighting Skills
   martial arts      [Basic]
   two weapon combat [Unskilled]
   riding            [Unskilled]
 Weapon Skills
   dagger            [Unskilled]
   knife             [Unskilled]
   short sword       [Basic]
   broadsword        [Unskilled]
   long sword        [Basic]
   two-handed sword  [Unskilled]
   saber             [Unskilled]
   flail             [Unskilled]
   quarterstaff      [Unskilled]
   polearms          [Unskilled]
   spear             [Unskilled]
   lance             [Unskilled]
   bow               [Basic]
   shuriken          [Unskilled]
 Spellcasting Skills
   attack spells     [Unskilled]
   divination spells [Unskilled]
   clerical spells   [Unskilled]

Voluntary challenges:
 Character rerolling was not enabled.
 You were an atheist.
 You never genocided any monsters.
 You never polymorphed an object.
 You never changed form.
 You used no wishes.
 You did not violate any of the special Sokoban rules.
Achievements:
 You entered a shop.
 You attained the rank of Ronin.
 You entered Sokoban.
 You entered the Gnomish Mines.
 You attained the rank of Ninja.
 You entered Minetown.

 The Dungeons of Doom: levels 1 to 10
    Level 1:
       A fountain, a grave.
    Level 2:
       An armor shop.
       Stairs down to The Gnomish Mines.
    Level 3: "stash"
    Level 4:
    Level 5:
       Many fountains.
       Oracle of Delphi.
    Level 6:
       An armor shop.
       Stairs up to Sokoban, level 5.
    Level 7: "stash"
       A ring shop, some fountains, many trees.
    Level 8:
       A throne.
    Level 9:
    Level 10: <- You were here.
       Final resting place for
          you, killed by a giant zombie.
 The Gnomish Mines: levels 3 to 7
    Level 3:
    Level 4:
    Level 5:
    Level 6:
       An altar, a fountain.
    Level 7:
 Sokoban:
    Level 5:
       Unsolved.


Vanquished creatures:
  a large mimic
  a stalker
  a warhorse
  a quantum mechanic
  a dwarf ruler
 an energy vortex
  a red naga
  2 soldiers
  a giant beetle
  2 quivering blobs
  a scorpion
 an owlbear
  a Green-elf
  2 lizards
  a chickatrice
  a gray unicorn
  a black unicorn
  2 plains centaurs
  a rope golem
  2 Woodland-elves
  3 fire ants
  7 bugbears
  2 water nymphs
  2 mountain nymphs
 an orc shaman
  a rock piercer
  3 ponies
  2 fog clouds
  a yellow light
  2 violet fungi
 11 gnome leaders
  3 gnomish wizards
  a kobold mummy
  a gray ooze
  2 straw golems
  a baby crocodile
  2 giant ants
  a little dog
  a floating eye
  2 dwarves
  a kobold shaman
  3 hill orcs
  6 rothes
  a rabid rat
  a monkey
  2 dwarf zombies
  a werejackal
  4 iguanas
  4 coyotes
  a gas spore
  a hobbit
  2 large kobolds
 16 hobgoblins
  a giant rat
  5 cave spiders
  2 yellow molds
  2 green molds
 33 gnomes
  2 gnome zombies
  3 geckos
 14 jackals
  a fox
  a kobold
  6 goblins
  4 sewer rats
  9 grid bugs
  7 lichens
  5 newts
212 creatures vanquished.

No species were genocided or became extinct.

Game over:
                       ----------
                      /          \
                     /    REST    \
                    /      IN      \
                   /     PEACE      \
                  /                  \
                  |       Gary       |
                  |      587 Au      |
                  |   killed by a    |
                  |   giant zombie   |
                  |                  |
                  |                  |
                  |       2026       |
                 *|     *  *  *      | *
        _________)/\\_//(\/(/\)/\//\/|_)_______

Sayonara Gary the Samurai...

You died in The Dungeons of Doom on dungeon level 10 with 11655 points,
and 587 pieces of gold, after 6424 moves.
You were level 9 with a maximum of 91 hit points when you died.

